 Dungeon Crawl Stone Soup version 0.27-a0-1196-g3e9cee4cb2 (webtiles) character file.

Game seed: 4876143666711937126

2633 pokeman the Thaumaturge (level 9, -3/50 HPs)
             Began as a Deep Elf Hedge Wizard on May 29, 2021.
             Was a Believer of Vehumet.
             Succumbed to kobold brigand's curare-tipped dart
             ... on level 6 of the Dungeon.
             The game lasted 00:24:51 (9175 turns).

pokeman the Thaumaturge (Deep Elf Hedge Wizard)     Turns: 9175, Time: 00:24:51

Health: -3/50      AC:  5    Str:  7    XL:     9   Next: 35%
Magic:  17/26      EV: 12    Int: 23    God:    Vehumet [**....]
Gold:   438        SH:  0    Dex: 14    Spells: 11/30 levels left

rFire    . . .     SeeInvis +   G - +1 flail (venom)
rCold    . . .     Faith    .   (no shield)
rNeg     . . .     Spirit   .   l - +0 leather armour
rPois    .         Reflect  .   m - +0 helmet
rElec    .         Harm     .   C - +0 cloak
rCorr    .         Rampage  .   (no gloves)
Will     .....                  (no boots)
Stlth    ++........             (no amulet)
HPRegen  0.16/turn              H - ring of see invisible
MPRegen  0.20/turn              (no ring)

@: mighty, lethally poisoned (-3 -> -18), slowed, studying Short Blades, very
slow
A: no striking features
a: Renounce Religion


You were on level 6 of the Dungeon.
You worshipped Vehumet.
Vehumet was pleased with you.
You visited 1 branch of the dungeon, and saw 6 of its levels.
You also visited: Sewer.

You collected 438 gold pieces.

Inventory:

Hand Weapons
 B - a +4 quarterstaff of chaos
 G - a +1 flail of venom (weapon)
 I - a +0 shortbow
Missiles
 c - 75 arrows
 d - 59 bolts
 E - 2 curare-tipped darts
Armour
 l - a +0 leather armour (worn)
 m - a +0 helmet (worn)
 C - a +0 cloak (worn)
Jewellery
 H - a ring of see invisible (left hand)
Wands
 F - a wand of flame (10)
Scrolls
 a - 2 scrolls of immolation {unknown}
 b - a scroll of acquirement {unknown}
 e - 2 scrolls of holy word {unknown}
 h - 2 scrolls of teleportation {unknown}
 j - 9 scrolls of identify {unknown}
 k - 3 scrolls of magic mapping {unknown}
 q - a scroll of enchant weapon {unknown}
 t - 2 scrolls of enchant armour {unknown}
 u - a scroll of noise {unknown}
 w - a scroll of amnesia {unknown}
 y - a scroll of blinking {unknown}
 A - a scroll of fog {unknown}
Potions
 f - a potion of might
 g - a potion of flight {unknown}
 i - a potion of resistance {unknown}
 n - a potion of berserk rage {unknown}
 o - a potion of invisibility
 p - a potion of ambrosia {unknown}
 r - 2 potions of lignification {unknown}
 s - a potion of degeneration {unknown}
 v - a potion of haste {unknown}
 x - a potion of brilliance {unknown}
 z - 2 potions of cancellation {unknown}
 D - a potion of magic {unknown}


   Skills:
 + Level 3.0 Fighting
 - Level 3.0 Armour
 - Level 3.0 Dodging
 - Level 3.0 Stealth
 * Level 11.2 Spellcasting
 + Level 6.2 Conjurations
 - Level 1.0 Hexes
 - Level 1.1 Summonings
 - Level 1.1 Translocations
 + Level 5.2 Fire Magic
 - Level 1.0 Air Magic
 - Level 1.0 Poison Magic
 - Level 1.1 Evocations


You had 11 spell levels left.
You knew the following spells:

 Your Spells              Type           Power      Damage    Failure   Level
a - Magic Dart            Conj           100%       1d8       1%          1
b - Mephitic Cloud        Conj/Pois/Air  25%        N/A       7%          3
c - Call Imp              Summ           18%        N/A       7%          2
d - Blink                 Tloc           N/A        N/A       7%          2
e - Conjure Flame         Conj/Fire      39%        6-21      1%          3
f - Foxfire               Conj/Fire      100%       2x1d9     1%          1
g - Swiftness             Air            17%        N/A       14%         3
h - Apportation           Tloc           36%        N/A       4%          1
i - Shock                 Conj/Air       100%       1d9       1%          1
x - Slow                  Hex            17%        N/A       8%          2

Your spell library contained the following spells:

 Spells                   Type           Power      Damage    Failure   Level
 Static Discharge         Conj/Air       29%        N/A       2%          2
 Summon Small Mammal      Summ           72%        N/A       4%          1
 Teleport Other           Tloc           18%        N/A       14%         3
 Lightning Bolt           Conj/Air       14%        1d28      41%         5
 Airstrike                Air            8%         N/A       43%         4


Dungeon Overview and Level Annotations

Branches:
Dungeon (6/15)             Temple (0/1) D:5           Sewer (visited)

Altars:
Qazlal
Sif Muna
Vehumet

Shops:
D:2 :


Message History

The hellwing hits you!
* * * LOW HITPOINT WARNING * * *
The hellwing hits you but does no damage.
Casting: Blink (safe; 7% risk of failure)
Confirm with . or Enter, or press ? or * to list all spells.
You blink.
The ufetubus closely misses you. x2
The kobold demonologist looks encouraged for a moment.
The ufetubus closely misses you.
The ufetubus hits you but does no damage.
Casting: Blink (safe; 7% risk of failure)
Confirm with . or Enter, or press ? or * to list all spells.
You blink.
The crimson imp shouts! x2
A kobold comes into view. It is wielding a +0 short sword.
The kobold shouts!
Casting: Blink (safe; 7% risk of failure)
Confirm with . or Enter, or press ? or * to list all spells.
You conjure some foxfire!
The kobold closely misses you.
The crimson imp grins evilly.
You hit the kobold demonologist.
The kobold demonologist is poisoned.
The kobold demonologist is almost dead.
The foxfire hits the kobold.
The kobold is moderately wounded.
The foxfire hits the kobold demonologist!
You kill the kobold demonologist!
Vehumet accepts your kill.
The crimson imp disappears in a puff of smoke!
The ufetubus disappears in a puff of smoke!
The crimson imp disappears in a puff of smoke!
The kobold brigand throws a curare-tipped dart.
The curare-tipped dart hits you.
You are lethally poisoned!
You have difficulty breathing.
* * * LOW HITPOINT WARNING * * *
You feel yourself slow down. The kobold barely misses you.
Your Fighting skill increases to level 3!
Unknown command.
It was a potion of might.
You feel very mighty all of a sudden.
You die...

##+#########).....# #.# ##...##
#.#)##.# #.# ##.....## #.#.##.#
#.## #.......## ##)#5.#.# #..##
.........####).)....#######...###
.........+....§..#...............
.........####.K.###.#######...###
#.......## ##..K#..# #..##
##.....## ###@..## #.## ##...##
##)## ###.##### ##'## #K#
#.......# #.# #.# #.#..##.# #.#
#§# #.##.##.# ##.############.#
#.......# ###...##.....4....#
####.#### .#.....#.########## #.#
.##...##.# #.####


You could see 2 kobold brigands and a kobold.

Vanquished Creatures
  A kobold demonologist (D:6)
  Grinder (D:4)
  3 water moccasins
  Duvessa (D:6)
  An ice beast (D:5)
  Purgy (Sewer)
  A necrophage (D:6)
  2 ogres
  A centaur (D:6)
  2 kobold brigands (D:5)
  Dowan (D:6)
  A wyvern skeleton (D:6)
  2 water moccasin skeletons (D:5)
  2 bullfrog zombies (D:6)
  2 jellies (D:5)
  A hound (D:4)
  2 orc priests (D:4)
  Crazy Yiuf (D:4)
  A bullfrog skeleton (D:4)
  A centaur skeleton (D:6)
  A gnoll shaman (D:5)
  Natasha (thrice) (D:3)
  An orc wizard (D:5)
  A scorpion zombie (D:5)
  A howler monkey zombie (D:3)
  Robin (D:2)
  12 gnolls
  2 river rats (D:4)
  4 adders
  A howler monkey skeleton (D:4)
  A worm (D:2)
  3 dart slugs
  12 orcs
  9 bats
  7 endoplasms
  3 giant cockroaches
  17 hobgoblins
  51 kobolds
  5 quokkas
  8 ball pythons
  2 frilled lizards
  14 goblins
  4 rats
191 creatures vanquished.

Vanquished Creatures (collateral kills)
  Edmund (D:5)
  Terence (D:2)
  2 gnolls (D:2)
  An endoplasm (D:2)
  A kobold (D:5)
6 creatures vanquished.

Vanquished Creatures (others)
  34 foxfires (D:6)
34 creatures vanquished.

Grand Total: 231 creatures vanquished

Notes
Turn   | Place    | Note
-------+----------+-------------------------------------------
     0 | D:1      | pokeman the Deep Elf Hedge Wizard began the quest for the
                  | Orb.
     0 | D:1      | Reached XP level 1. HP: 10/10 MP: 7/7
    20 | D:1      | Found a faded altar of an unknown god.
   254 | D:1      | Reached XP level 2. HP: 16/16 MP: 3/9
   709 | D:1      | Reached skill level 5 in Spellcasting
   776 | D:1      | Identified the Incunabulum of Orientation and Creation
  1001 | D:2      | Noticed Terence
  1011 | D:1      | Reached XP level 3. HP: 14/20 MP: 4/11
  1014 | D:1      | Learned a level 2 spell: Slow
  1018 | D:1      | Learned a level 3 spell: Mephitic Cloud
  1021 | D:1      | Learned a level 2 spell: Blink
  1024 | D:1      | Learned a level 2 spell: Call Imp
  1229 | D:2      | Reached skill level 1 in Armour
  1289 | D:2      | Reached skill level 1 in Fighting
  1605 | D:2      | Killed Terence
  1606 | D:2      | Reached XP level 4. HP: 9/25 MP: 1/13
  1965 | D:2      | Reached skill level 1 in Hexes
  1969 | D:2      | Learned a level 3 spell: Conjure Flame
  2058 | D:2      | Noticed Robin
  2311 | D:2      | Killed Robin
  2573 | D:2      | Found Luqirimp's Book Emporium.
  2738 | D:3      | Noticed Natasha
  2754 | D:3      | Killed Natasha
  2755 | D:3      | Reached skill level 6 in Spellcasting
  2755 | D:3      | Reached XP level 5. HP: 22/29 MP: 5/15
  2837 | D:3      | Reached skill level 1 in Poison Magic
  3034 | D:3      | Found a stormy altar of Qazlal.
  3036 | D:3      | Noticed an air elemental
  3037 | D:3      | Noticed a water elemental
  3037 | D:3      | Noticed a fire elemental
  3042 | D:3      | Noticed Natasha
  3052 | D:3      | Killed Natasha
  3061 | D:3      | Noticed Natasha
  3069 | D:3      | Killed Natasha
  3465 | D:4      | Noticed Grinder
  3516 | D:4      | Reached skill level 1 in Fire Magic
  3553 | D:4      | Found a glowing drain.
  3558 | Sewer    | Entered a sewer
  3861 | Sewer    | Noticed Purgy
  3880 | Sewer    | Killed Purgy
  3881 | Sewer    | Reached skill level 7 in Spellcasting
  3881 | Sewer    | Reached XP level 6. HP: 28/34 MP: 12/18
  4097 | D:4      | Reached skill level 1 in Air Magic
  4608 | D:4      | Paralysed by Grinder for 2 turns
  4616 | D:4      | Killed Grinder
  4617 | D:4      | Reached skill level 8 in Spellcasting
  4617 | D:4      | Reached XP level 7. HP: 34/40 MP: 1/20
  4882 | D:4      | Found a runed translucent door.
  4883 | D:4      | Noticed Crazy Yiuf
  4890 | D:4      | Killed Crazy Yiuf
  5003 | D:4      | Found a shimmering blue altar of Sif Muna.
  5027 | D:5      | Entered Level 5 of the Dungeon
  5028 | D:5      | Found a radiant altar of Vehumet.
  5072 | D:5      | Became a worshipper of Vehumet
  5179 | D:5      | Found a staircase to the Ecumenical Temple.
  5316 | D:5      | Learned a level 1 spell: Shock
  5320 | D:5      | Learned a level 3 spell: Swiftness
  5322 | D:5      | Learned a level 1 spell: Apportation
  5683 | D:5      | Reached XP level 8. HP: 44/44 MP: 6/22
  6072 | D:5      | Reached skill level 9 in Spellcasting
  6526 | D:5      | Reached * piety under Vehumet
  6526 | D:5      | Offered knowledge of Sandblast by Vehumet.
  6817 | D:5      | Reached skill level 5 in Conjurations
  7123 | D:5      | Noticed Edmund
  7183 | D:5      | Killed Edmund
  7550 | D:5      | Reached skill level 10 in Spellcasting
  7553 | D:5      | Offered knowledge of Foxfire by Vehumet.
  7553 | D:5      | Reached ** piety under Vehumet
  7557 | D:5      | Learned a level 1 spell: Foxfire
  8352 | D:6      | Reached skill level 1 in Evocations
  8352 | D:6      | Reached XP level 9. HP: 46/49 MP: 20/25
  8393 | D:6      | Noticed Duvessa
  8395 | D:6      | Noticed Dowan
  8403 | D:6      | Killed Duvessa
  8404 | D:6      | Killed Dowan
  8717 | D:6      | Reached skill level 5 in Fire Magic
  8966 | D:6      | Reached skill level 11 in Spellcasting
  9120 | D:6      | Noticed a kobold demonologist
  9125 | D:6      | Noticed an ice devil
  9157 | D:6      | Noticed a hellwing
  9174 | D:6      | Killed a kobold demonologist
  9174 | D:6      | HP: 1/49 [asphyx]
  9175 | D:6      | Succumbed to kobold brigand's curare-tipped dart

Illustrated notes

Levels and vault maps discovered:
D:1:      ncdulo_wetmaze, layout_rooms, basic_ecumenical_altar,
          hangedman_feature_mirror
D:2:      layout_basic, serial_shops, nicolae_shop_window_shopping, uniq_robin,
          uniq_terence
D:3:      layout_rooms, nicolae_qazlal_style_of_elements,
          kennysheep_generic_room_12, uniq_natasha
D:4:      layout_cave_pools, lemuel_blue_sif_altar, gup_sewer_entry_bowl,
          uniq_grinder, uniq_crazy_yiuf_cottage
D:5:      minmay_goblin_kobold_castle, layout_rooms, amcnicky_altar_gilded,
          temple_green, kennysheep_generic_room_10, uniq_edmund
D:6:      layout_loops_corners, corexii_shack, uniq_duvessa

Skill      XL: |  1  2  3  4  5  6  7  8  9 |
---------------+----------------------------+-----
Spellcasting   | 5 6 7 8 10 11 | 11.2
Armour         | 1 3 |  3.0
Fighting       | 1 2 3 |  3.0
Conjurations   | 2 3 4 5 6 |  6.2
Hexes          | 1 |  1.0
Dodging        | 3 |  3.0
Poison Magic   | 1 |  1.0
Fire Magic     | 1 2 3 4 5 |  5.2
Stealth        | 3 |  3.0
Air Magic      | 1 |  1.0
Evocations     | 1 |  1.1
Summonings     | |  1.1
Translocations | |  1.1

Action                   |  1- 3 |  4- 6 |  7- 9 || total
-------------------------+-------+-------+-------++-------
Melee: Halberd           |    13 |    51 |    39 ||   103
       Flail             |       |       |    24 ||    24
 Cast: Magic Dart        |    81 |   139 |    58 ||   278
       Call Imp          |     7 |     2 |    10 ||    19
       Mephitic Cloud    |       |    10 |    10 ||    20
       Conjure Flame     |       |     5 |    14 ||    19
       Blink             |       |     1 |     4 ||     5
       Shock             |       |       |    71 ||    71
       Foxfire           |       |       |    19 ||    19
  Use: Potion            |       |       |     1 ||     1
 Stab: Sleeping          |       |     2 |       ||     2
       Confused          |       |     2 |     1 ||     3
Armor: Robe              |     1 |       |       ||     1
       Leather armour    |     4 |    20 |    16 ||    40
Dodge: Dodged            |    26 |    66 |    59 ||   151

Table legend: (Time is in decaauts)
 A = Elapsed time spent in this place.
 B = Non-inter-level travel time spent in this place.
 C = Inter-level travel time spent in this place.
 D = Time resting spent in this place.
 E = Time spent auto-exploring this place.
 F = Levels seen in this place.
 G = Mean time per level.
                   A        B        C        D        E       F      G
               +--------+--------+--------+--------+--------+-----+--------+
         Total |   9288 |   9143 |    145 |   1171 |   6534 |   7 | 1326.9 |
       Dungeon |   8852 |   8707 |    145 |    911 |   6403 |   6 | 1475.3 |
         Sewer |    435 |    435 |      0 |    260 |    131 |   1 |  435.0 |
               +--------+--------+--------+--------+--------+-----+--------+

Top non-repeatable levels by time:
     D:5: 2680 daAuts
     D:6: 1514 daAuts
     D:2: 1350 daAuts
     D:1: 1344 daAuts
     D:4: 1025 daAuts
     D:3: 937 daAuts
   Sewer: 435 daAuts
